 Dungeon Crawl Stone Soup version 0.24.0-123-gd5b16e6ec5 (webtiles) character file.

Game seed: 6447508496349994583, levelgen mode: deterministic

49 Chiseanne the Magician (level 3, -5/24 HPs)
             Began as a Demonspawn Wizard on Jan 22, 2020.
             Slain by Crazy Yiuf
             ... wielding a +3 quarterstaff of chaos
              (6 damage)
             ... on level 2 of the Dungeon.
             The game lasted 00:03:33 (2185 turns).

Chiseanne the Magician (Demonspawn Wizard)          Turns: 2185, Time: 00:03:34

Health: -5/24      AC:  4    Str:  7    XL:     3   Next: 51%
Magic:  1/8        EV: 12    Int: 20    God:
Gold:   51         SH:  0    Dex: 16    Spells: 0/9 levels left

rFire    . . .     SeeInvis .   f - +0 whip (vamp)
rCold    . . .     Gourm    .   (no shield)
rNeg     . . .     Faith    .   a - +0 robe
rPois    .         Spirit   .   b - +0 hat
rElec    .         Reflect  .   (no cloak)
rCorr    .         Harm     .   (no gloves)
MR       .....                  (no boots)
Stlth    ++........             (no amulet)
HPRegen  0.08/turn              g - +5 ring of dexterity
MPRegen  0.11/turn              (no ring)

@: lethally poisoned (-5 -> -13), very slightly contaminated
A: antennae 1, slimy green scales 1
a: no special abilities


You were on level 2 of the Dungeon.
You were not hungry.

You visited 1 branch of the dungeon, and saw 2 of its levels.

You collected 51 gold pieces.

Inventory:

Hand Weapons
 f - a +0 vampiric whip (weapon)
 w - a +2 hunting sling of flaming
Missiles
 e - 54 stones (quivered)
 k - 43 bolts
 o - 13 arrows
Armour
 a - a +0 robe (worn)
 b - a +0 hat (worn)
Jewellery
 g - a +5 ring of dexterity (left hand)
Wands
 m - a wand of flame (7)
Scrolls
 c - 2 scrolls of teleportation
 h - a scroll of identify
 n - a scroll of remove curse
Potions
 i - a potion of flight
 j - a potion of ambrosia
 l - 2 potions of heal wounds {unknown}
Comestibles
 d - 4 rations
 p - 2 chunks of flesh


   Skills:
 - Level 1.7 Dodging
 - Level 1.7 Stealth
 * Level 3.7 Spellcasting
 * Level 2.5 Conjurations
   Level 1.0 Summonings
 - Level 0.8 Translocations


You couldn't memorise any spells.
You knew the following spells:

 Your Spells              Type           Power        Failure   Level  Hunger
a - Magic Dart            Conj           ##..         4%          1    None
b - Blink                 Tloc           N/A          14%         2    ##.....
c - Conjure Flame         Conj/Fire      #.......     24%         3    ###....
d - Mephitic Cloud        Conj/Pois/Air  #.......     28%         3    ###....

Your spell library contained the following spells:

 Spells                   Type           Power        Failure   Level  Hunger
 Call Imp                 Summ           #.......     13%         2    ##.....
 Slow                     Hex            #.......     21%         2    ##.....


Dungeon Overview and Level Annotations

Branches:
Dungeon (2/15)

Altars:

Annotations:
D:2 Crazy Yiuf


Innate Abilities, Weirdness & Mutations

You have a pair of small antennae on your head.
You are partially covered in slimy green scales. (AC +2)


Message History

Crazy Yiuf is engulfed in noxious fumes.
Crazy Yiuf is engulfed in noxious fumes.
Crazy Yiuf appears confused.
Crazy Yiuf says, "This beard itches something crazy!"
Evoke which item? (* to show all) (? for menu, Esc to quit)
Okay, then.
Crazy Yiuf hits you with a +3 quarterstaff of chaos!
You suddenly lose the ability to move!
Crazy Yiuf hits you but does no damage.
You are poisoned.
You feel sick.
You can move again.
You hit Crazy Yiuf.
Crazy Yiuf is moderately wounded.
You feel sick.
Crazy Yiuf laughs.
Crazy Yiuf hits you with a +3 quarterstaff of chaos!
* * * LOW HITPOINT WARNING * * *
Crazy Yiuf freezes you.
You die...

##.#.#####.#
#.........#
#####.#######
#.........#
#.#.....#.#
##.#.#.#.# #
#......#.#.#
#..#.#.#.#.###
...#####..#.@g.......
..........#.g...#.###
...######.........#
###.#.#.### #.....#
###.### ##'## ##...##
##.....##


You could see Crazy Yiuf (confused) and a goblin.

Vanquished Creatures
  A worm (D:2)
  A dart slug (D:1)
  A giant cockroach (D:1)
  5 goblins
  7 hobgoblins
  4 jackals (D:1)
  7 kobolds (D:1)
  A quokka (D:2)
  4 bats (D:1)
  6 frilled lizards (D:1)
  2 rats (D:1)
  2 fungi (D:2)
41 creatures vanquished.

Notes
Turn   | Place    | Note
-------+----------+-------------------------------------------
     0 | D:1      | Chiseanne the Demonspawn Wizard began the quest for the
                  | Orb.
     0 | D:1      | Reached XP level 1. HP: 13/13 MP: 4/4
   353 | D:1      | Gained mutation: You are partially covered in slimy green
                  | scales. (AC +2) [demonic ancestry]
   353 | D:1      | Reached XP level 2. HP: 7/19 MP: 1/6
   989 | D:1      | Gained mutation: You have a pair of small antennae on your
                  | head. [demonic ancestry]
   989 | D:1      | Reached XP level 3. HP: 24/24 MP: 1/8
  2089 | D:2      | Learned a level 2 spell: Blink
  2093 | D:2      | Learned a level 3 spell: Conjure Flame
  2097 | D:2      | Learned a level 3 spell: Mephitic Cloud
  2147 | D:2      | Found a runed translucent door.
  2148 | D:2      | Noticed Crazy Yiuf
  2182 | D:2      | Paralysed by you for 3 turns
  2185 | D:2      | HP: 1/24 [Crazy Yiuf/+3 quarterstaff of chaos (11)]
  2185 | D:2      | Slain by Crazy Yiuf

Levels and vault maps discovered:
D:1:      dpeg_arrival_castle, layout_basic
D:2:      layout_loops_corners, uniq_crazy_yiuf_cottage

Skill      XL: |  1  2 |
---------------+-------+-----
Conjurations   | 2 |  2.5
Dodging        | |  1.7
Stealth        | |  1.7
Spellcasting   | |  3.7
Summonings     | |  1.0
Translocations | |  0.8

Action                   || total
-------------------------++-------
Melee: Short sword       ||    15
       Dagger            ||    10
       Whip              ||    56
 Cast: Magic Dart        ||    85
       Mephitic Cloud    ||     1
  Use: Scroll            ||     7
  Eat: Chunk             ||     4
Armor: Robe              ||    11
Dodge: Dodged            ||    21
